Map: Lightshade LE

Players

BlyOnFire (Bly)

  • Race: Zerg Zerg
  • League: Grandmaster
  • Spawn Location: 5:00

LiquidClem (Clem) - Winner!

  • Race: Terran Terran
  • League: Grandmaster
  • Spawn Location: 11:00

Event: StayAtHome Story Cup #3

VOD

https://youtu.be/Ra0z-2atPOU

Description

Time

  • Played on: March 11, 2021, 7:24 a.m.
  • Length: 8:55

All games in this series

Show
View Real Time Build Order
Export as new Build Order

BlyOnFire Zerg 

Build Orders: Hatch First, Ravager All-In 

Get SALT Encoding   

  12  0:01  Drone  
  13  0:11  Drone  
  14  0:38  Hatchery  
  13  0:50  Spawning Pool  
  13  0:54  Drone  
  13  0:58  Drone  
  14  1:06  Extractor  
  14  1:07  Drone  
  14  1:10  Extractor  
  13  1:16  Drone  
  14  1:22  Overlord  
  14  1:40  Drone x2  
  14  1:45  Roach Warren  
  15  1:49  Drone  
  16  2:00  Drone  
  17  2:09  Queen  
  19  2:24  Roach x2  
  23  2:31  Roach  
  25  2:38  Roach  
  27  2:51  Overlord  
  27  3:02  Ravager  
  28  3:11  Ravager  
  27  3:13  Roach x2  
  27  3:15  Ravager  
  32  3:29  Roach x2  
  36  3:47  Overlord  
  36  3:52  Overlord  
  34  3:56  Drone  
  34  4:00  Ravager  
  34  4:02  Overlord  
  36  4:10  Ravager  
  36  4:11  Ravager  
  36  4:14  Drone x2  
  40  4:28  Queen  
  42  4:42  Drone x3  
  42  4:44  Metabolic Boost  
  42  4:57  Roach x2  
  46  5:09  Roach x2  
  50  5:16  Queen  
  50  5:18  Drone  
  50  5:20  Ravager  
  54  5:21  Ravager  
  39  5:50  Roach x5  
  47  6:01  Roach  
  47  6:02  Zergling x8  
  48  6:20  Zergling x10  
  48  6:23  Ravager x4  
  48  6:24  Ravager  
  50  6:36  Roach  
  37  6:49  Roach  
  37  6:50  Roach x4  
  42  6:58  Ravager  
  42  6:59  Queen  
  45  7:05  Roach  
  45  7:07  Zergling x2  
  48  7:12  Ravager  
  49  7:18  Zergling x2  
  49  7:19  Zergling x4  
  49  7:32  Zergling x2  
  49  7:33  Zergling x6  
  52  7:45  Ravager x2  
  52  7:46  Zergling x8  
  58  7:53  Zergling x4  
  58  7:55  Overlord  
  60  8:15  Ravager x2  
  62  8:22  Roach x2  
  66  8:33  Hatchery  
  65  8:37  Ravager  
Show
View Real Time Build Order
Export as new Build Order

LiquidClem Terran - Winner!

Build Orders: Cyclone Opening 

Get SALT Encoding   

  12  0:00  SCV  
  13  0:12  SCV  
  14  0:17  Supply Depot  
  14  0:24  SCV  
  15  0:38  SCV  
  15  0:39  Barracks  
  16  0:43  Refinery  
  16  0:50  SCV  
  17  1:02  SCV  
  18  1:15  SCV  
  19  1:26  Bunker, Marine  
  19  1:27  Orbital Command  
  19  1:31  Supply Depot  
  20  1:44  Factory, Marine  
  21  1:53  SCV  
  22  1:57  Refinery  
  22  2:02  Marine  
  22  2:05  Bunker  
  22  2:06  SCV  
  24  2:18  SCV  
  24  2:20  Marine  
  24  2:21  Supply Depot  
  26  2:30  Factory Tech Lab  
  26  2:31  SCV  
  27  2:37  Marine  
  28  2:48  Cyclone  
  31  2:57  Command Center  
  31  2:59  Marine  
  32  3:08  SCV  
  32  3:20  SCV  
  32  3:24  Marine  
  32  3:25  Cyclone  
  34  3:28  Barracks  
  34  3:40  Supply Depot  
  34  3:41  SCV  
  34  3:43  Marine  
  32  3:54  SCV  
  31  3:58  Siege Tank  
  31  4:01  Marine  
  35  4:10  Orbital Command  
  35  4:19  Marine x2  
  37  4:30  Siege Tank  
  40  4:32  Bunker  
  40  4:36  Barracks  
  40  4:37  SCV x2  
  41  4:38  Marine  
  41  4:44  Bunker  
  42  4:47  Marine  
  43  4:56  SCV, Marine  
  44  5:02  Siege Tank  
  44  5:05  Marine  
  48  5:14  Bunker, Marine  
  49  5:21  SCV x2  
  49  5:22  Starport, Marine  
  49  5:23  Marine  
  53  5:32  Marine  
  53  5:38  Siege Tank  
  53  5:40  Marine  
  53  5:41  SCV, Marine  
  57  5:49  Marine  
  50  5:53  SCV  
  51  5:58  Marine, Supply Depot  
  51  5:59  Marine  
  53  6:04  Medivac  
  53  6:07  Marine  
  53  6:08  SCV  
  52  6:20  SCV  
  52  6:22  Marine  
  52  6:24  Marine  
  55  6:29  Siege Tank  
  55  6:32  SCV  
  59  6:38  Medivac  
  55  6:41  Orbital Command  
  55  6:43  Marine  
  55  6:44  SCV  
  47  6:47  Marine  
  47  6:52  Marine  
  46  6:56  Bunker  
  47  7:03  Marine  
  49  7:09  Siege Tank  
  49  7:11  Marine  
  52  7:16  Barracks Tech Lab  
  52  7:21  Marine  
  54  7:27  SCV  
  54  7:28  Marine  
  56  7:30  SCV  
  56  7:36  Supply Depot  
  55  7:37  Starport Reactor, Marine  
  55  7:39  SCV, Marine  
  55  7:42  SCV  
  58  7:46  Marine, Supply Depot  
  58  7:51  Bunker  
  59  7:54  Siege Tank  
  59  7:55  Marine  
  59  7:56  SCV  
  64  7:59  SCV  
  64  8:00  Marine  
  64  8:04  Marine  
  65  8:08  SCV  
  65  8:11  SCV  
  65  8:12  Supply Depot  
  67  8:13  Marine  
  67  8:14  Supply Depot  
  67  8:18  Marine  
  69  8:20  SCV  
  69  8:22  Barracks, Marine  
  69  8:26  SCV  
  72  8:30  Refinery, Marine  
  76  8:39  SCV  
  80  8:44  Supply Depot  
Tags
 
Add a new tag
Caveats
  • Supply blocks, unpowered buildings, or Contaminate may cause inaccurate times.
  • Supply counts are checked every 10 seconds.